 Seeded DCSS version 0.24.0 (webtiles) character file.

Game seed: 93891015573, levelgen mode: deterministic

690 Kranky the Covered (level 7, -8/56 HPs)
             Began as a Human Hunter on Feb 27, 2020.
             Killed from afar by Pikel (20 damage)
             ... with a bolt of acid
             ... on level 5 of the Dungeon.
             The game lasted 00:25:02 (6169 turns).

Kranky the Covered (Human Hunter)                   Turns: 6169, Time: 00:25:02

Health: -8/56      AC:  9    Str: 14    XL:     7   Next: 95%
Magic:  7/7        EV:  5    Int: 12    God:
Gold:   220        SH:  0    Dex: 15    Spells: 6/6 levels left

rFire    + . .     SeeInvis +   A - +1 lajatang
rCold    . . .     Gourm    .   (shield currently unavailable)
rNeg     . . .     Faith    .   v - +0 plate armour
rPois    .         Spirit   .   g - +0 helmet
rElec    .         Reflect  .   (no cloak)
rCorr    .         Harm     .   (no gloves)
MR       .....                  (no boots)
Stlth    ..........             w - amulet of rage
HPRegen  0.18/turn              x - +2 ring of dexterity
MPRegen  0.10/turn              r - ring of Wielij {rF+ SInv}

@: corroded
A: no striking features
a: Evoke Berserk Rage


You were on level 5 of the Dungeon.
You were not hungry.

You visited 2 branches of the dungeon, and saw 6 of its levels.

You collected 220 gold pieces.

Inventory:

Hand Weapons
 a - a +0 short sword
 A - a +1 lajatang (weapon)
Missiles
 c - a javelin (quivered)
 d - 2 throwing nets
 l - 34 sling bullets
 p - 14 poisoned darts
Armour
 g - a +0 helmet (worn)
 v - a +0 plate armour (worn)
Jewellery
 r - the ring of Wielij (right hand) {rF+ SInv}
   (You found it on level 5 of the Dungeon)

   [ring of protection from fire]

   It protects you from fire.
   It lets you see invisible.
 w - an amulet of rage (around neck)
 x - a +2 ring of dexterity (left hand)
 z - an uncursed ring of ice
Wands
 u - a wand of paralysis (10)
Scrolls
 h - a scroll of fear {unknown}
 i - a scroll of enchant weapon
 j - a scroll of magic mapping
 k - a scroll of random uselessness {unknown}
 o - 2 scrolls of remove curse
 s - 5 scrolls of teleportation
 t - 2 scrolls of amnesia {unknown}
 y - a scroll of immolation {unknown}
 C - a scroll of enchant armour {unknown}
Potions
 b - a potion of magic
 e - 2 potions of flight
 m - a potion of haste
 n - 2 potions of curing
 q - a potion of ambrosia
 B - a potion of agility
 D - a potion of mutation {unknown}
Comestibles
 f - 5 rations


   Skills:
 + Level 5.4 Fighting
 - Level 0.1 Staves
 - Level 4.0 Throwing
 + Level 6.0 Armour
 - Level 2.0 Dodging
 - Level 1.0 Stealth
 + Level 0.5 Evocations


You had 6 spell levels left.
You didn't know any spells.
Your spell library was empty.

Dungeon Overview and Level Annotations

Branches:
Dungeon (5/15)             Temple (1/1) D:5

Altars:
Ashenzari
Cheibriados
Dithmenos
Fedhas
Gozag
Kikubaaqudgha
Makhleb
Okawaru
Qazlal
Ru
Trog
Uskayaw
Vehumet
Xom
Lugonu

Annotations:
D:5 Pikel


Message History

The javelin closely misses Pikel.
The javelin closely misses the slave.
You closely miss Pikel.
Pikel is lightly wounded.
Pikel hits you but does no damage.
You closely miss Pikel.
Pikel is lightly wounded.
Pikel hits you but does no damage.
You slash Pikel!
Pikel is moderately wounded.
Pikel zaps a wand.
The bolt of acid hits you!! The acid corrodes you!
You are splashed with acid!
Pikel hits you but does no damage.
You hit Pikel.
Pikel is moderately wounded.
Pikel hits you with a +2 whip of freezing.
* * * LOW HITPOINT WARNING * * *
Pikel freezes you.
* * * LOW HITPOINT WARNING * * *
Pikel zaps a wand.
The bolt of acid misses you.
Pikel zaps a wand.
The bolt of acid hits you!!
You die...

*,,,* #.#...#*.# *,*
*,,,* #.#.###*.# *,*
*,,,* #.#.# *.# *,*
*****,..######.#.# *.#
*,* ,,,,+,........>#.#
*.# *,*
,****,..######.#.####.#
*,* ,****,,,*
#.#.#((..#****,*
,*,,,,,,*
#.#.#p#........*
,*,**,***
####.#@#p#.#######*
,*,,*,****#....#.#p#.#
,**,*,,,,,#.####.#.#K#
,,,,*****,#.####K#p#p#
,,,,,,* *,#.#...p#.#p#
,****,* *,#.#....p.#.#
,,,,*,* *,#.########,*
***,*,* *,#........#,*
**+*,***,########.#,*


You could see Pikel and 2 slaves.

Vanquished Creatures
  A phantom (D:5)
  An ogre (D:5)
  Blork the orc (D:5)
  A scorpion (D:5)
  2 crimson imps
  A hound (D:4)
  An orc priest (D:5)
  An orc wizard (D:5)
  A bullfrog skeleton (D:3)
  Robin (D:1)
  3 gnolls
  4 adders
  An ooze (D:2)
  6 worms
  4 dart slugs
  18 orcs
  7 giant cockroaches
  11 goblins
  18 hobgoblins
  2 quokkas
  8 bats
  7 frilled lizards
  3 kobolds
  A leopard gecko skeleton (D:5)
  5 rats
109 creatures vanquished.

Vanquished Creatures (others)
  A giant cockroach (D:3)
1 creature vanquished.

Grand Total: 110 creatures vanquished

Notes
Turn   | Place    | Note
-------+----------+-------------------------------------------
     0 | D:1      | Kranky the Human Hunter began the quest for the Orb.
     0 | D:1      | Reached XP level 1. HP: 16/16 MP: 1/1
    86 | D:1      | Reached skill level 1 in Armour
    86 | D:1      | Reached XP level 2. HP: 16/23 MP: 2/2
   583 | D:1      | Reached XP level 3. HP: 24/28 MP: 3/3
   905 | D:2      | Noticed Robin
  1480 | D:1      | Reached skill level 2 in Armour
  1710 | D:1      | Killed Robin
  1710 | D:1      | Reached XP level 4. HP: 24/35 MP: 4/4
  1878 | D:2      | Found a faded altar of an unknown god.
  1977 | D:2      | Reached XP level 5. HP: 31/41 MP: 5/5
  2214 | D:2      | Reached skill level 3 in Armour
  2940 | D:3      | Found a shadowy altar of Dithmenos.
  3264 | D:3      | Found a radiant altar of Vehumet.
  3662 | D:3      | Reached XP level 6. HP: 43/48 MP: 6/6
  3706 | D:3      | Found an ancient bone altar of Kikubaaqudgha.
  3998 | D:3      | Found a bloodstained altar of Trog.
  4429 | D:4      | Found a hide-covered altar of Uskayaw.
  4502 | D:4      | Reached skill level 4 in Armour
  4819 | D:4      | Noticed a -2 hand axe
  4819 | D:4      | Noticed a +0 dagger
  4975 | D:5      | Entered Level 5 of the Dungeon
  5098 | D:5      | Found a staircase to the Ecumenical Temple.
  5115 | D:5      | Got a brightly glowing bone ring
  5121 | Temple   | Entered the Ecumenical Temple
  5123 | Temple   | Identified the ring of Wielij {rF+ SInv} (You found it on
                  | level 5 of the Dungeon)
  5179 | D:5      | Noticed Blork the orc
  5185 | D:5      | Killed Blork the orc
  5185 | D:5      | Reached XP level 7. HP: 47/55 MP: 7/7
  5267 | D:5      | Reached skill level 5 in Fighting
  5267 | D:5      | Reached skill level 5 in Armour
  5885 | D:5      | Found a blossoming altar of Fedhas.
  6098 | D:5      | Found a burning altar of Makhleb.
  6112 | D:5      | Reached skill level 6 in Armour
  6148 | D:5      | Noticed Pikel
  6169 | D:5      | Killed from afar by Pikel

Levels and vault maps discovered:
D:1:      minmay_arrival_four_houses, layout_loops_ring,
          hangedman_feature_mirror
D:2:      layout_loops_ring, chequers_ecumenical_altar_simple, uniq_robin
D:3:      layout_loops_corners, fiery_altar_vehumet, lemuel_round_altar,
          kiku_gazebo_garden_becter, lemuel_coloured_pillars_altar, first_ration
D:4:      layout_rooms, dancing_weapons_uskayaw, serial_forest,
          infiniplex_forest_zigzag_2, infiniplex_forest_clump_small,
          infiniplex_forest_clump_medium, infiniplex_forest_zigzag_1,
          infiniplex_forest_clump_double
D:5:      layout_basic, lemuel_crystal_altar, kennysheep_mini,
          minmay_temple_entry_mini_moons, basic_altar, uniq_blork_the_orc,
          uniq_pikel
Temple:   corrupted_temple
